 Dungeon Crawl Stone Soup version 0.9.0-12-gaaefe4e character file.

606 Miton the Caller (level 6, 0/41 HPs)
             Began as a Vampire Summoner on Aug 15, 2011.
             Shot with an arrow by a centaur (17 damage)
             ... on Level 5 of the Dungeon.
             The game lasted 00:39:47 (5906 turns).

Miton the Caller (Vampire Summoner)                 Turns: 5906, Time: 00:39:47

HP   0/41        AC  2     Str  7      XL: 6   Next: 25%
MP   8/13        EV 12     Int 19      God:
Gold 259         SH  0     Dex 14      Spells:  3 memorised,  6 levels left

Res.Fire  : . . .   See Invis. : +   l - +2 dagger
Res.Cold  : . . .   Warding    : . . a - +0 robe
Life Prot.: + . .   Conserve   : .   (no shield)
Res.Acid. : . . .   Res.Corr.  : .   (no helmet)
Res.Poison: .       Clarity    : .   (no cloak)
Res.Elec. : .       Spirit.Shd : .   (no gloves)
Sust.Abil.: . .     Stasis     : .   (no boots)
Res.Mut.  : .       Ctrl.Telep.: .   (no amulet)
Res.Rott. : +       Levitation : .   (no ring)
Saprovore : . . .   Ctrl.Flight: .   (no ring)

@: slightly resistant to hostile enchantments, stealthy
A: fangs 3, see invisible, unbreathing
a: Bat Form, Bottle Blood


You were on level 5 of the Dungeon.
You were not thirsty.

You visited 1 branch of the dungeon, and saw 5 of its levels.

You collected 239 gold pieces.

Inventory:

Hand weapons
 c - a +2,+0 dagger
 k - a +0,+0 short sword
 l - a +2,+2 dagger (weapon)
 w - a +0,+0 short sword of draining
 C - a -1,+2 orcish dagger
 I - a +2,+3 dwarven dagger of draining
Missiles
 e - 44 +0 darts (quivered)
 M - 2 +0 needles of sleeping
 O - 2 +4 darts
Armour
 a - a +0 robe (worn)
 F - a +0 elven chain mail
Magical devices
 v - a wand of digging (7) {unknown}
Comestibles
 o - a lemon
Scrolls
 f - a scroll of random uselessness {unknown}
 g - 2 scrolls of enchant armour {unknown}
 h - a scroll of fear {unknown}
 j - a scroll of enchant weapon I {unknown}
 m - 2 scrolls of detect curse {unknown}
 r - 2 scrolls of teleportation {unknown}
 t - a scroll of amnesia {unknown}
 u - a scroll of fog {unknown}
 x - a scroll of curse jewellery {unknown}
 y - a scroll of enchant weapon II {unknown}
 A - a scroll of recharging {unknown}
 D - 2 scrolls of identify {unknown}
 H - a scroll of curse weapon {unknown}
Jewellery
 p - a cursed ring of teleportation {unknown}
 E - an uncursed ring of protection from cold {unknown}
 G - an uncursed ring of magical power {unknown}
 J - an uncursed amulet of faith {unknown}
 N - an uncursed ring of fire {unknown}
Potions
 d - 4 potions of healing {prolly healing}
 i - a potion of levitation {unknown}
 n - a potion of resistance {unknown}
 q - 2 potions of poison {unknown}
 s - 2 potions of paralysis {unknown}
 z - a potion of heal wounds {unknown}
 B - a potion of restore abilities {unknown}
 K - 7 potions of blood
Books
 b - a book of Callings

   Spells                             Type                      Level
   *Summon Small Mammals              Summoning                    1
   Call Imp                           Summoning                    2
   *Call Canine Familiar              Summoning                    3
   Summon Scorpions                   Summoning/Poison             4
   Summon Ice Beast                   Ice/Summoning                4
 L - Ashenzari's Grimoire of Culinary Necromancy
   (You found it on level 5 of the Dungeon)

   Spells                             Type                      Level
   *Animate Skeleton                  Necromancy                   1


   Skills:
 - Level 1 Fighting
 - Level 1 Short Blades
 - Level 2 Dodging
 - Level 3 Stealth
 - Level 1 Stabbing
 - Level 1 Traps & Doors
 - Level 1 Unarmed Combat
 + Level 3 Spellcasting
 * Level 6 Summonings


You had 6 spell levels left.
You knew the following spells:

 Your Spells              Type           Power        Success   Level  Hunger
a - Summon Small Mammals  Summ           ####.        Excellent   1    None
b - Call Canine Familiar  Summ           ####......   Excellent   3    Choko
g - Animate Skeleton Necr N/A            Very         Good        1    None

Dungeon Overview and Level Annotations

Branches:
Dungeon (5/27)
 Temple: D:4-7

Altars:
Ashenzari
Elyvilon
Makhleb
Zin


Innate Abilities, Weirdness & Mutations

You can bottle blood from corpses.
You have razor-sharp teeth.
You have supernaturally acute eyesight.
You do not need to breathe.
Press '!' to toggle between mutations and properties depending on your hunger status.


Message History

It was a potion of healing {prolly healing}.
The centaur shoots an arrow.
The arrow hits your hound.
The centaur unwields an uncursed bow.
The centaur barely misses your hound. The centaur closely misses your hound.
Your hound bites the centaur.
Your hound barely misses the centaur.
Your hound bites the centaur.
The centaur wields an uncursed bow.
The centaur shoots an arrow.
The arrow hits your hound.
Your hound dies!
Your hound's corpse disappears in a puff of smoke!
Casting: Call Canine Familiar
Confirm with . or Enter, or press ? or * to list all spells.
You swap places.
Your jackal barely misses the centaur.
Your jackal bites the centaur.
The centaur unwields an uncursed bow.
The centaur hits your jackal.
Your jackal dies!
Your jackal's corpse disappears in a puff of smoke!
The centaur wields an uncursed bow.
The centaur shoots an arrow.
The arrow misses you.
The centaur shoots an arrow.
The arrow hits you!
You die...

#)# #########§# #)# #c#
#)# #.# #.# ###### #.###
#.# #....# #...#
#.###########....# #...#
.................#####c(.#
.....................§...#
#.###########..(@#####...#
#.# #....# #...# #.#
#....# #...# #.# ####.#
#...# #)##############.#
#...# ..(<.............#
##### #.################
#....# ########### #....#
#.........#


You could see a centaur.

Vanquished Creatures
  A giant toad (D:5)
  2 giant geckos
  2 orcs (D:4)
  7 giant cockroaches
  6 goblins
  4 hobgoblins
  11 bats
  5 giant newts
  3 kobolds
  11 rats
  A rat skeleton (D:5)
  2 small snakes
  2 toadstools
57 creatures vanquished.

Vanquished Creatures (collateral kills)
  A sky beast (D:5)
  An ogre (D:4)
  A hound (D:4)
  A scorpion (D:5)
  9 snakes
  An iguana skeleton (D:4)
  2 oozes
  4 orcs (D:5)
  4 bats
  3 hobgoblins
  3 jackals (D:3)
  10 kobolds
  2 quokkas (D:5)
  2 small snakes
  3 giant cockroaches
  A giant gecko skeleton (D:5)
  3 giant newts
  4 goblins
  3 rats (D:1)
58 creatures vanquished.

Vanquished Creatures (others)
  3 hounds
  A snake skeleton (D:5)
  3 grey rats (D:5)
  6 jackals
  4 quokkas
  4 bats
  6 rats
  A small snake skeleton (D:5)
  3 toadstools
31 creatures vanquished.

Grand Total: 146 creatures vanquished

Notes
Turn   | Place    | Note
--------------------------------------------------------------
     0 | D:1      | Miton, the Vampire Summoner, began the quest for the Orb.
     0 | D:1      | Reached XP level 1. HP: 13/13 MP: 4/4
   220 | D:1      | Reached skill level 5 in Summonings
   329 | D:1      | Reached XP level 2. HP: 19/19 MP: 2/5
   638 | D:1      | Reached skill level 1 in Stabbing
  1405 | D:2      | Reached XP level 3. HP: 24/24 MP: 1/6
  1410 | D:2      | Learned a level 3 spell: Call Canine Familiar
  1619 | D:2      | Found a glowing silver altar of Zin.
  2165 | D:3      | Found a burning altar of Makhleb.
  2170 | D:3      | Reached skill level 1 in Short Blades
  2406 | D:3      | Found a white marble altar of Elyvilon.
  2705 | D:3      | Reached XP level 4. HP: 22/30 MP: 8/8
  3522 | D:4      | Reached skill level 1 in Fighting
  3986 | D:4      | Reached skill level 6 in Summonings
  3987 | D:4      | Reached XP level 5. HP: 35/35 MP: 1/10
  4630 | D:5      | Entered Level 5 of the Dungeon
  4790 | D:5      | Noticed a giant toad
  4820 | D:5      | Defeated a giant toad
  4820 | D:5      | Reached skill level 1 in Traps & Doors
  4935 | D:5      | Reached XP level 6. HP: 41/41 MP: 13/13
  5026 | D:5      | Found a shattered altar of Ashenzari.
  5035 | D:5      | Got a yellowed book
  5036 | D:5      | Identified Ashenzari's Grimoire of Culinary Necromancy (You found it on level 5 of the Dungeon)
  5166 | D:5      | Learned a level 1 spell: Animate Skeleton
  5906 | D:5      | Shot with an arrow by a centaur
